 Dungeon Crawl Stone Soup version 0.29-a0-982-gaed3a0c8d8 (webtiles) character file.

Game seed: 6154763604635424620

11083 Turgor the Reanimator (level 11, 0/86 HPs)
             Began as a Demonspawn Necromancer on July 29, 2022.
             Was a High Priest of Nemelex Xobeh.
             Killed from afar by an ice statue (8 damage)
             ... with a freezing blast
             ... in an ice cave on Aug 1, 2022.
             The game lasted 01:09:31 (11431 turns).

Turgor the Reanimator (Demonspawn Necromancer)     Turns: 11431, Time: 01:09:32

Health: 0/86       AC:  9    Str: 11    XL:     11   Next: 44%
Magic:  18/23      EV: 12    Int: 19    God:    Nemelex Xobeh [*****.]
Gold:   590        SH:  4    Dex: 19    Spells: 0/26 levels left

rFire   + . .      SeeInvis .   M - +1 hand axe (elec)
rCold   + . .      Faith    +   (no shield)
rNeg    . . .      Spirit   .   h - +0 leather armour
rPois   +          Reflect  .   (helmet restricted)
rElec   +          Harm     .   o - +1 cloak
rCorr   +          Rampage  .   G - +0 pair of gloves
Will    .....                   (no boots)
Stlth   ++........              u - amulet of faith
HPRegen 0.24/turn               N - +4 ring of slaying
MPRegen 0.18/turn               d - +6 ring of dexterity

@: brilliant, resistant, hasted, very quick
A: horns 2, rugged brown scales 3, spiny 2, condensation shield
a: Renounce Religion, Draw Escape, Draw Destruction, Draw Summoning, Triple
Draw, Deal Four, Stack Five


You were in an ice cave.
You worshipped Nemelex Xobeh.
Nemelex Xobeh was extremely pleased with you.
You visited 1 branch of the dungeon, and saw 11 of its levels.
You also visited: Sewer and Ice Cave.

You collected 590 gold pieces.

Inventory:

Hand Weapons
 l - a +0 war axe
 x - a +1 demon whip of venom
 C - a +2 dagger of venom
 L - a +1 hand axe of freezing
 M - a +1 hand axe of electrocution (weapon)
 T - the +7 rapier of the Ghost {freeze, rC- rN+ Will+}
   (You found it on level 9 of the Dungeon)

   It freezes those it strikes, dealing additional cold damage.
   It can also slow down cold-blooded creatures.
   rC:        It makes you vulnerable to cold.
   rN:        It protects you from negative energy.
   Will:      It increases your willpower.
Missiles
 m - 41 poisoned darts (quivered)
Armour
 a - a +0 robe
 h - a +0 leather armour (worn)
 o - a +1 cloak (worn)
 G - a +0 pair of gloves (worn)
Jewellery
 c - the ring of Keifuz {rF+ MP+9}
   (You acquired it in a sewer)

   [ring of magical power]

   rF:        It protects you from fire.
   MP:        It affects your magic capacity (+9).
 d - a +6 ring of dexterity (right hand)
 u - an amulet of faith (around neck)
 I - a ring of magical power
 N - a +4 ring of slaying (left hand)
 O - an amulet of regeneration
 U - a +4 ring of protection
Wands
 t - a wand of charming (8)
 K - a wand of flame (28)
Scrolls
 g - a scroll of noise {unknown}
 i - a scroll of vulnerability {unknown}
 j - 2 scrolls of enchant armour
 n - 2 scrolls of teleportation
 q - a scroll of brand weapon {unknown}
 w - 2 scrolls of magic mapping
 y - 4 scrolls of amnesia
 B - 3 scrolls of fear {unknown}
 D - 3 scrolls of blinking {unknown}
 F - 2 scrolls of butterflies
 H - 2 scrolls of enchant weapon {unknown}
 P - 2 scrolls of identify
 Q - 2 scrolls of poison {unknown}
 S - a scroll of summoning {unknown}
Potions
 b - 2 potions of magic
 e - 2 potions of lignification
 f - 7 potions of mutation
 k - a potion of resistance
 r - 3 potions of brilliance
 s - a potion of attraction {unknown}
 v - 4 potions of curing
 z - 2 potions of invisibility {unknown}
 A - 3 potions of degeneration {unknown}
 E - a potion of haste
 J - 2 potions of might {unknown}
 R - a potion of flight {unknown}
 V - a potion of berserk rage


   Skills:
 + Level 6.2 Fighting
 * Level 7.4 Axes
 - Level 2.0 Dodging
 - Level 2.0 Stealth
 + Level 8.3 Spellcasting
 * Level 10.4 Necromancy
 * Level 6.9 Poison Magic
 + Level 6.6 Invocations


You couldn't memorise any spells.
You knew the following spells:

 Your Spells              Type           Power      Damage    Failure   Level
a - Necrotise             Necr           100%       1d9       1%          1
b - Vampiric Draining     Necr           63%        2d10      1%          3
c - Animate Dead          Necr           63%        N/A       1%          4
d - Lesser Beckoning      Tloc           11%        N/A       34%         3
e - Poisonous Vapours     Pois/Air       62%        N/A       4%          2
f - Olgreb's Toxic Radia  Pois           51%        N/A       7%          4
g - Iskenderun's Mystic   Conj/Tloc      11%        2d4       75%         4
h - Agony                 Necr           63%        N/A       4%          5

Your spell library contained the following spells:

 Spells                   Type           Power      Damage    Failure   Level
 Sting                    Tmut/Pois      100%       1d8       2%          1
 Gell's Gravitas          Tloc           11%        N/A       34%         3
 Ozocubu's Armour         Ice            11%        N/A       34%         3
 Teleport Other           Tloc           11%        N/A       34%         3
 Fulminant Prism          Conj/Hex       5%         3d7       75%         4
 Lee's Rapid Deconstruct  Erth           5%         3d7*      97%         5
 Ozocubu's Refrigeration  Ice            5%         4d8       100%        7


Dungeon Overview and Level Annotations

Branches:
Dungeon (11/15)            Temple (0/1) D:4            Lair (0/5) D:9
  Sewer (visited)           IceCv (1/1)
    Orc: D:9-12

Altars:
Hepliaklqana
Nemelex Xobeh
Qazlal
Yredelemnul

Annotations:
D:10 exclusion: orange crystal statue
D:11 1 transporter IceCv 1 transporter, exclusion: 2 ice statues


Innate Abilities, Weirdness & Mutations

You have a pair of horns on your head.
You are completely covered in rugged brown scales. (AC +3, +7% HP)
You are mostly covered in sharp spines.
A meltable shield of frost defends you. (SH +4)


Message History

You hit the ice statue but do no damage.
You headbutt the ice statue!
The ice statue is lightly damaged.
The ice statue gestures at you.
The freezing blast engulfs the ice beast.
The ice beast completely resists.
The ice statue gestures at you. The bolt of cold misses you.
You hit the ice statue.
The ice statue is moderately damaged.
Okay, then.
Okay, then.
As you read the scroll of butterflies, it crumbles to dust.
You hear the tinkle of a tiny bell.
The ice beast hits your butterfly.
Your butterfly dies!
Your butterfly disappears in a burst of colours!
The ice statue gestures at you. The shard of ice misses you.
The shard of ice hits your butterfly!!!
Your butterfly dies!
Your butterfly disappears in a burst of colours!
You hit the ice statue. You headbutt the ice statue!
The ice statue is heavily damaged.
Your butterfly is engulfed in freezing vapours.
Your butterfly dies!
Your butterfly disappears in a burst of colours!
Your butterfly is engulfed in freezing vapours.
Your butterfly dies!
Your butterfly disappears in a burst of colours!
You hit the ice statue but do no damage.
The ice statue is heavily damaged.
Your butterfly is engulfed in freezing vapours.
Your butterfly dies!
Your butterfly disappears in a burst of colours!
Your butterfly is engulfed in freezing vapours.
Your butterfly dies!
Your butterfly disappears in a burst of colours!
The ice statue gestures.
The ice statue gestures at you. The freezing blast engulfs you! You resist.
You die...
Your body glows slightly and disappears.

#©.# ###...####
#..8####........##
#Y..8##..........##
#8...8#...........#
#.....#....8.......
#○☼○..#8...........
#☼Y○.b#©©(.......∩∩
#○○°..#8...........
#b@b..#....8.......
#8...8#...........#
#bb.8##..........##
#..8####........##
#∩.## ###...####
#### #####


You could see 2 ice statues and 2 ice beasts.

Vanquished Creatures
  Snorg (D:11)
  A two-headed ogre (D:11)
  2 ugly things (IceCv)
  Pikel (D:7)
  A manticore (D:11)
  A gargoyle (D:10)
  A troll (D:9)
  A polar bear (D:10)
  A hornet (D:9)
  2 shadows (D:9)
  9 yaks
  2 wraiths
  A dire elephant simulacrum (IceCv)
  A steam dragon (D:9)
  A death yak simulacrum (IceCv)
  A naga (D:9)
  A water moccasin (D:8)
  2 black bears
  2 orc warriors (D:9)
  An ice beast (D:5)
  3 ogres
  2 wolves (D:9)
  2 centaurs (D:8)
  3 kobold brigands
  2 necrophages
  7 bullfrogs
  A scorpion (D:7)
  10 wights
  A killer bee (D:10)
  3 yak zombies (D:10)
  3 howler monkeys (D:9)
  An electric eel (D:9)
  8 hounds
  2 orc priests
  Crazy Yiuf (D:7)
  A jelly (D:9)
  4 iguanas
  3 orc wizards
  2 wolf simulacra (IceCv)
  8 adders
  3 gnolls
  A river rat (D:3)
  A shadow imp (D:7)
  3 white imps
  4 ufetubi
  8 worms
  2 dart slugs
  22 orcs
  3 endoplasms
  5 giant cockroaches
  4 goblins
  2 hobgoblins
  7 jackals
  15 kobolds
  2 quokkas (D:3)
  13 ball pythons
  3 bats
  A frilled lizard (D:2)
  A gnoll zombie (D:10)
  3 rats
203 creatures vanquished.

Vanquished Creatures (collateral kills)
  Amaemon (D:10)
  An orange demon (D:10)
  2 yaks (D:10)
  A bullfrog (D:8)
  A scorpion (D:5)
  A gnoll sergeant (D:10)
  A killer bee (D:4)
  A hound (D:5)
  An orc priest (D:10)
  An iguana (D:5)
  2 orc wizards
  A gnoll (D:10)
  2 orcs
  2 kobolds
18 creatures vanquished.

Vanquished Creatures (others)
  A hornet zombie (D:9)
  4 yak zombies
  A bullfrog zombie (D:8)
  A killer bee zombie (D:10)
  4 hound zombies
  A howler monkey zombie (D:9)
  2 gnoll zombies (D:10)
  A worm zombie (D:10)
  A jelly zombie (D:9)
  An iguana zombie (D:9)
  2 ball python zombies (D:10)
  A giant cockroach zombie (D:10)
  3 kobold zombies (D:10)
  An orc zombie (D:8)
  A demonic plant (D:1)
  3 fungi (D:7)
28 creatures vanquished.

Grand Total: 249 creatures vanquished

Notes
Turn   | Place    | Note
-------+----------+-------------------------------------------
     0 | D:1      | Turgor the Demonspawn Necromancer began the quest for the
                  | Orb.
     0 | D:1      | Reached XP level 1. HP: 13/13 MP: 3/3
   492 | D:1      | Gained mutation: You are partially covered in sharp spines.
                  | [demonic ancestry]
   492 | D:1      | Reached XP level 2. HP: 19/19 MP: 1/5
   648 | D:1      | Found a faded altar of an unknown god.
   648 | D:1      | Noticed a cacodemon
   732 | D:1      | Prayed at the altar of an unknown god.
   732 | D:1      | Became a worshipper of Nemelex Xobeh the Trickster
   732 | D:1      | Reached * piety under Nemelex Xobeh
   922 | D:1      | Received a gift from Nemelex Xobeh
  1162 | D:1      | You fall into a shaft and drop 1 floor!
  1571 | D:2      | Reached ** piety under Nemelex Xobeh
  1630 | D:2      | Reached skill level 1 in Fighting
  1630 | D:2      | Reached XP level 3. HP: 26/26 MP: 2/7
  1883 | D:2      | Received a gift from Nemelex Xobeh
  2622 | D:3      | Found a glowing drain.
  2636 | Sewer    | Entered a sewer
  2733 | Sewer    | Identified a scroll of acquirement
  2733 | Sewer    | Acquired the ring of Keifuz {rF+ MP+9}
  2905 | Sewer    | Gained mutation: You are partially covered in rugged brown
                  | scales. (AC +1, +3% HP) [demonic ancestry]
  2905 | Sewer    | Reached XP level 4. HP: 26/32 MP: 8/8
  2926 | Sewer    | Learned a level 3 spell: Vampiric Draining
  2931 | Sewer    | Learned a level 4 spell: Animate Dead
  3191 | Sewer    | Noticed a kobold brigand
  3192 | Sewer    | Killed a kobold brigand
  3193 | Sewer    | Reached skill level 5 in Necromancy
  3193 | Sewer    | Gained mutation: You have a pair of small horns on your
                  | head. [demonic ancestry]
  3193 | Sewer    | Reached XP level 5. HP: 39/39 MP: 10/10
  3546 | D:3      | Reached *** piety under Nemelex Xobeh
  3899 | D:4      | Found a staircase to the Ecumenical Temple.
  4169 | D:4      | Reached skill level 1 in Axes
  4169 | D:4      | Gained mutation: You are mostly covered in rugged brown
                  | scales. (AC +2, +5% HP) [demonic ancestry]
  4169 | D:4      | Reached XP level 6. HP: 40/48 MP: 12/12
  4254 | D:4      | Received a gift from Nemelex Xobeh
  4255 | D:4      | Noticed Blork the orc
  4256 | D:4      | Noticed Blork
  4256 | D:4      | Blork the orc changed into Blork the killer bee
  4259 | D:4      | Killed Blork the killer bee
  4260 | D:4      | Found a hazy altar of Hepliaklqana.
  4260 | D:4      | Found a faded altar of an unknown god.
  4797 | D:4      | Learned a level 3 spell: Lesser Beckoning
  4809 | D:5      | Entered Level 5 of the Dungeon
  4820 | D:5      | Gained mutation: A meltable shield of frost defends you.
                  | (SH +4) [demonic ancestry]
  4820 | D:5      | Reached XP level 7. HP: 39/54 MP: 14/14
  4909 | D:5      | Received a gift from Nemelex Xobeh
  4983 | D:5      | Reached **** piety under Nemelex Xobeh
  4990 | D:5      | Reached skill level 6 in Necromancy
  5095 | D:5      | Received a gift from Nemelex Xobeh
  5110 | D:5      | Reached skill level 5 in Spellcasting
  5353 | D:5      | Received a gift from Nemelex Xobeh
  5445 | D:5      | Found a basalt altar of Yredelemnul.
  5804 | D:6      | Reached skill level 1 in Invocations
  5959 | D:6      | Gained mutation: You are completely covered in rugged brown
                  | scales. (AC +3, +7% HP) [demonic ancestry]
  5959 | D:6      | Reached XP level 8. HP: 50/62 MP: 16/16
  6213 | D:6      | Received a gift from Nemelex Xobeh
  6293 | D:6      | Reached ***** piety under Nemelex Xobeh
  6621 | D:6      | Learned a level 2 spell: Poisonous Vapours
  6626 | D:6      | Learned a level 4 spell: Olgreb's Toxic Radiance
  6820 | D:7      | Reached skill level 7 in Necromancy
  6820 | D:7      | Reached skill level 1 in Poison Magic
  6912 | D:7      | Received a gift from Nemelex Xobeh
  6974 | D:7      | Noticed Pikel
  6996 | D:7      | Killed Pikel
  7112 | D:7      | Found a runed translucent door.
  7113 | D:7      | Noticed Crazy Yiuf
  7503 | D:7      | Killed Crazy Yiuf
  7504 | D:7      | Reached XP level 9. HP: 57/69 MP: 18/18
  7735 | D:8      | Reached skill level 8 in Necromancy
  8030 | D:8      | Reached skill level 5 in Axes
  8272 | D:9      | Noticed a polar bear
  8272 | D:9      | a yak changed into a polar bear
  8273 | D:9      | a polar bear changed into a boggart
  8309 | D:9      | Identified the +7 rapier of the Ghost {freeze, rC- rN+
                  | Will+}
  8320 | D:9      | HP: 2/71 [orc warrior/+0 hand axe (13)]
  8666 | D:9      | Reached skill level 5 in Fighting
  8666 | D:9      | Gained mutation: You are mostly covered in sharp spines.
                  | [demonic ancestry]
  8666 | D:9      | Reached XP level 10. HP: 55/79 MP: 20/20
  8888 | D:9      | Received a gift from Nemelex Xobeh
  8899 | D:9      | Found a staircase to the Lair.
  8917 | D:9      | Paralysed by a hornet for 1 turns
  8929 | D:9      | Reached skill level 9 in Necromancy
  8929 | D:9      | Reached skill level 5 in Poison Magic
  8929 | D:9      | Reached skill level 5 in Invocations
  9597 | D:10     | Entered Level 10 of the Dungeon
  9990 | D:10     | Received a gift from Nemelex Xobeh
 10325 | D:10     | Noticed Amaemon
 10325 | D:10     | Noticed an orange demon
 10332 | D:10     | Killed an orange demon
 10347 | D:10     | Killed Amaemon
 10348 | D:10     | Gained mutation: You have a pair of horns on your head.
                  | [demonic ancestry]
 10348 | D:10     | Reached XP level 11. HP: 86/86 MP: 20/23
 10492 | D:10     | Found a stormy altar of Qazlal.
 10513 | D:10     | Received a gift from Nemelex Xobeh
 10548 | D:10     | Noticed an orange crystal statue
 10920 | D:10     | Learned a level 4 spell: Iskenderun's Mystic Blast
 10920 | D:10     | Upgraded the game from 0.29-a0-925-g0a7a3d12f8 to
                  | 0.29-a0-982-gaed3a0c8d8
 11141 | D:11     | Noticed a two-headed ogre
 11148 | D:11     | HP: 4/86 [two-headed ogre/+0 giant club (19)]
 11149 | D:11     | Killed a two-headed ogre
 11150 | D:11     | Reached skill level 10 in Necromancy
 11232 | D:11     | Received a gift from Nemelex Xobeh
 11235 | D:11     | Found a transporter.
 11237 | D:11     | Noticed Snorg
 11244 | D:11     | Killed Snorg
 11255 | D:11     | Found a frozen archway.
 11263 | IceCv    | Entered an ice cave
 11263 | IceCv    | Noticed a white ugly thing
 11266 | IceCv    | Killed a white ugly thing
 11388 | IceCv    | Found a transporter.
 11390 | IceCv    | Noticed a white ugly thing
 11396 | IceCv    | Found the +2 Maxwell's thermic engine {flame, freeze}
 11404 | IceCv    | Found a transporter.
 11413 | IceCv    | Learned a level 5 spell: Agony
 11421 | IceCv    | Killed a white ugly thing
 11431 | IceCv    | Killed from afar by an ice statue

Illustrated notes

Levels and vault maps discovered:
D:1:      spicycebolla_arrival_xxxplode, layout_basic,
          dreamdust_ecumenical_altar_sealed_demon, reono_crystal_passage,
          dk_noncrumbling_3, minmay_small_reverse_x
D:2:      layout_basic, basic_altar
D:3:      layout_basic, cheibrodos_sewer_entry_sluice, hangedman_feature_mirror
D:4:      layout_basic, beargit_hepliaklqana_dungeon_heroes,
          minmay_temple_entry_large_hall
D:5:      layout_cave_pools, old_standard_altar, chequers_serial_rivers_micro_e,
          grunt_decor_one_mirror, chequers_jeans, serial_park_tiny_pond,
          hangedman_decor_opposing
D:6:      layout_basic
D:7:      layout_loops_ring, nrook_campfire, uniq_pikel, uniq_crazy_yiuf_cottage
D:8:      layout_rooms
D:9:      layout_cave_pools, erik_lair_island, minmay_crystal_room,
          minmay_circle_x
D:10:     layout_long_grid, amethyst_overflow_temple_binary,
          minmay_statue_bubble, uniq_amaemon
D:11:     layout_basic, serial_curves, eino_curves_03, eino_curves_01,
          portal_ice_cave_entry_pillars_1, grunt_ministairs_13,
          nicolae_diode_basic, uniq_snorg
IceCv:    ice_cave_statue_garden_transporter

Skill      XL: |  1  2  3  4  5  6  7  8  9 10 11 |
---------------+----------------------------------+-----
Stealth        | 2 |  2.0
Dodging        | 2 |  2.0
Fighting       | 1 2 3 4 5 6 |  6.2
Spellcasting   | 3 4 5 6 7 8 |  8.3
Necromancy     | 5 6 7 8 9 10 | 10.4
Axes           | 1 2 3 4 5 6 7 |  7.4
Invocations    | 1 3 4 5 6 |  6.6
Poison Magic   | 2 4 6 |  6.9

Action                   |  1- 3 |  4- 6 |  7- 9 | 10-12 || total
-------------------------+-------+-------+-------+-------++-------
Melee: Morningstar       |     3 |       |       |       ||     3
       Club              |    14 |       |       |       ||    14
       Dagger            |    10 |    18 |    29 |       ||    57
       Headbutt          |       |     3 |    29 |    39 ||    71
       Quarterstaff      |       |       |    12 |       ||    12
       Hand axe          |       |       |   101 |   112 ||   213
       Punch             |       |       |     2 |     3 ||     5
Throw: Dart              |     5 |     1 |     9 |     7 ||    22
       Stone             |     5 |       |     1 |       ||     6
 Cast: Necrotise         |    74 |    71 |    30 |     5 ||   180
       Animate Dead      |       |       |     4 |     4 ||     8
       Olgreb's Toxic Ra |       |       |       |     7 ||     7
       Poisonous Vapours |       |       |       |     3 ||     3
       Agony             |       |       |       |     2 ||     2
Invok: Draw Destruction  |     2 |     2 |    11 |     5 ||    20
       Draw Summoning    |       |     2 |       |     1 ||     3
       Draw Escape       |       |       |     2 |       ||     2
       Triple Draw       |       |       |       |     3 ||     3
       Deal Four         |       |       |       |     1 ||     1
Evoke: Wand              |       |       |       |    10 ||    10
  Use: Scroll            |     4 |     3 |     1 |     5 ||    13
       Potion            |       |       |     4 |     6 ||    10
 Stab: Sleeping          |       |       |     3 |       ||     3
       Distracted        |       |       |       |     4 ||     4
Armor: Leather armour    |     9 |     9 |    40 |    25 ||    83
       Robe              |     1 |       |       |       ||     1
Dodge: Dodged            |    18 |    15 |    74 |    40 ||   147
Block: Other             |       |       |    19 |    15 ||    34

Table legend: (Time is in decaauts)
 A = Elapsed time spent in this place.
 B = Non-inter-level travel time spent in this place.
 C = Inter-level travel time spent in this place.
 D = Time resting spent in this place.
 E = Time spent auto-exploring this place.
 F = Levels seen in this place.
 G = Mean time per level.
                   A        B        C        D        E       F      G
               +--------+--------+--------+--------+--------+-----+--------+
         Total |  11501 |  11198 |    303 |    535 |   8537 |  13 |  884.7 |
       Dungeon |  10680 |  10377 |    303 |    423 |   8122 |  11 |  970.9 |
         Sewer |    658 |    658 |      0 |      0 |    414 |   1 |  658.0 |
      Ice Cave |    162 |    162 |      0 |    112 |      0 |   1 |  162.0 |
               +--------+--------+--------+--------+--------+-----+--------+

Top non-repeatable levels by time:
     D:9: 1617 daAuts
     D:6: 1295 daAuts
     D:1: 1275 daAuts
    D:10: 1275 daAuts
     D:3: 1051 daAuts
     D:4: 946 daAuts
     D:2: 940 daAuts
     D:7: 810 daAuts
     D:5: 701 daAuts
     D:8: 682 daAuts
   Sewer: 658 daAuts
   IceCv: 162 daAuts
    D:11: 84 daAuts
